[ AOE2 MATCH · #505188413 ]
UnrankedSicilians vs Britons
Player's team · LOSS
Rival team · WIN
[ REPLAY ANALYSIS · EXTRACTED FROM THE RECORDED GAME ]
Feudal
10:07
Castle
—
Imperial
—
| APM avg | 66.6 |
| APM peak | 108 |
| eAPM avg | 30.5 |
| Villagers / military | 25 / 0 |
Focus
⚔️ 40.2% · 🌾 59.8%
Feudal
—
Castle
—
Imperial
—
| APM avg | 0.4 |
| APM peak | 5 |
| eAPM avg | 0.4 |
| Villagers / military | 0 / 0 |
Match map
Initial resources + every placement click. Lines = walls · curves = elevation contours. ◆ gold · ⬟ stone · ● berries · ✦ relic · ◌ wall gap
Your base· Open — unwalled flank
Ambrose's base· Open — unwalled flank
Smoothed initial terrain · ◌ = detected wall gap · hover for details
Inputs per minute
— itsa true - - Ambrose
Build order — itsa true
45 actions detected in the replay
| 0:00 | Queue | Villager (Male) |
| 0:01 | Queue | Villager (Male) |
| 0:01 | Queue | Villager (Male) |
| 0:02 | Queue | Villager (Male) |
| 0:04 | Build | House |
| 0:05 | Build | House |
| 1:23 | Queue | Villager (Male) |
| 1:27 | Build | Mill |
| 1:54 | Queue | Villager (Male) |
| 2:22 | Queue | Villager (Male) |
| 2:44 | Queue | Villager (Male) |
| 3:07 | Queue | Villager (Male) |
| 3:25 | Queue | Villager (Male) |
| 3:29 | Queue | Villager (Male) |
| 3:50 | Build | House |
| 4:00 | Queue | Villager (Male) |
| 4:14 | Queue | Villager (Male) |
| 4:43 | Queue | Villager (Male) |
| 4:50 | Queue | Villager (Male) |
| 5:20 | Queue | Villager (Male) |
| 5:29 | Build | Lumber Camp |
| 5:52 | Queue | Villager (Male) |
| 6:12 | Build | House |
| 6:24 | Queue | Villager (Male) |
| 6:44 | Build | House |
| 6:45 | Build | Palisade Wall |
| 6:46 | Build | Palisade Wall |
| 6:46 | Build | Palisade Wall |
| 6:47 | Build | Palisade Wall |
| 7:26 | Research | Loom |
| 7:29 | Research | Feudal Age |
| 8:22 | Queue | Villager (Male) |
| 8:57 | Build | Mill |
| 9:22 | Build | Barracks |
| 9:55 | Queue | Villager (Male) |
| 10:07 | Age | Feudal Age |
| 10:29 | Research | Double-Bit Axe |
| 10:30 | Research | Horse Collar |
| 10:42 | Build | House |
| 10:49 | Queue | Villager (Male) |
| 10:50 | Queue | Villager (Male) |
| 11:15 | Queue | Villager (Male) |
| 11:18 | Build | House |
| 12:03 | Queue | Villager (Male) |
| 12:23 | Queue | Villager (Male) |
Build order — Ambrose
0 actions detected in the replay
Match timeline
| 6:45 | itsa true · wall_segment Palisade Wall x1 |
| 6:46 | itsa true · wall_segment Palisade Wall x1 |
| 6:46 | itsa true · wall_segment Palisade Wall x1 |
| 6:47 | itsa true · wall_segment Palisade Wall x1 |
| 9:22 | itsa true · first_building Barracks |
| 10:07 | itsa true · age_up feudal |
[ AI ANALYSIS · 1 CREDIT ]
What really happened in this match?
Wolo.gg analyzes every decision: build order, eco, micro, common mistakes by bracket. Personalized analysis on WhatsApp or Discord in 30 seconds.
Civ guide
Sicilians
Perfil
Jugador #10802610